 Dungeon Crawl Stone Soup version 0.32-a0-834-geaf45d8e21 (webtiles) character file.

Game seed: 9396631717301394202

98283 CapturedSunlight the Black Belt (level 15, -14/126 HPs)
             Began as a Grey Draconian Summoner on Mar 25, 2024.
             Was an Initiate of Gozag.
             Demolished by a vampire knight
             ... wielding a +3 great sword
              (37 damage)
             ... on level 13 of the Dungeon.
             The game lasted 01:02:44 (31881 turns).

CapturedSunlight the Black Belt (DrSu)             Turns: 31881, Time: 01:02:45

Health: -14/126    AC: 18    Str: 11    XL:     15   Next: 74%
Magic:  22/27      EV: 21    Int: 20    God:    Gozag
Gold:   2199       SH:  0    Dex: 14    Spells: 18/30 levels left

rFire   + .          .
                       - Unarmed
rCold   . . .        (no shield)
rNeg    . . .        (body armour unavailable)
rPois   .            (helmet restricted)
rElec   .            D - +0 cloak
rCorr   .            W - +0 pair of gloves
SInv    .            r - +1 pair of boots {rampage}
Will    +....        X - amulet of regeneration
Stlth   ++           s - ring of protection from fire
HPRegen 1.21/turn    z - +5 ring of evasion
MPRegen 0.20/turn

%: rampage
@: maw-form
A: devouring maw, mud breath, mud-swimmer, AC +14, amphibious, unfitting armour,
cold-blooded
a: Mud Breath, Begin Untransformation, Renounce Religion, Potion Petition, Call
Merchant, Bribe Branch


You were on level 13 of the Dungeon.
You worshipped Gozag.
Gozag was most pleased with you.
You were a creature with a mouth for a stomach.
You visited 4 branches of the dungeon, and saw 22 of its levels.
You also visited: Bailey, Gauntlet and Volcano.

You collected 8853 gold pieces.
You spent 1184 gold pieces at shops.
You paid 5470 gold pieces to Gozag.

Inventory:

Missiles
 M - 2 throwing nets
Armour
 r - a +1 pair of boots of rampaging (worn)
 u - a scarf of resistance
 D - a +0 cloak (worn)
 G - the +18 shield of the Gong {Loud rN+ Will+ rCorr EV-5}
   (You took it off an orc warrior in a bailey)

   Loud:      It is deafeningly noisy when blocking attacks.
   EV-5:      It affects your evasion (-5).
   rN+:       It protects you from negative energy.
   Will+:     It increases your willpower.
   rCorr:     It protects you from acid and corrosion.
 W - a +0 pair of gloves (worn)
Jewellery
 h - an amulet of reflection
 o - an amulet of magic regeneration
 s - a ring of protection from fire (left hand)
 z - a +5 ring of evasion (right hand)
 A - a ring of magical power
 B - a ring of fire
 H - the ring of Ilaxu {Fly Dex+2}
   (You took it off an orc warrior in a bailey)

   [ring of flight]

   Dex+2:     It affects your dexterity (+2).
   Fly:       It grants you flight.
 K - a ring of protection from fire
 P - a ring of protection from cold
 Q - a ring of fire
 U - a ring of see invisible
 X - an amulet of regeneration (around neck)
 Z - a ring of resist corrosion
Talismans
 x - a maw talisman (active)
Wands
 b - a wand of warping (4)
 v - a wand of digging (11)
Scrolls
 e - 3 scrolls of vulnerability {!r}
 i - a scroll of butterflies
 j - 2 scrolls of immolation
 k - 6 scrolls of amnesia
 l - 5 scrolls of noise
 n - 2 scrolls of brand weapon
 t - 4 scrolls of blinking {@r4}
 w - 10 scrolls of teleportation {@r3}
 y - 3 scrolls of revelation {@r5}
 F - 3 scrolls of enchant armour
 O - 2 scrolls of fear
 R - 4 scrolls of enchant weapon
 S - 6 scrolls of fog {@r2}
 T - 5 scrolls of poison
Potions
 a - 4 potions of magic
 c - 12 potions of curing {@q2}
 d - 7 potions of degeneration
 f - 5 potions of heal wounds {@q1}
 g - 5 potions of haste {@q5}
 m - 3 potions of mutation
 p - 4 potions of brilliance {unknown}
 q - a potion of berserk rage {unknown}
 C - a potion of resistance {unknown}
 E - 3 potions of invisibility {unknown}
 I - 6 potions of enlightenment
 L - a potion of ambrosia {unknown}
 N - 3 potions of attraction {unknown}
 Y - 2 potions of cancellation {unknown}
Miscellaneous
 V - a condenser vane


   Skills:
 - Level 10.0 Fighting
 - Level 10.0 Dodging
 - Level 1.7 Stealth
 - Level 15.5 Unarmed Combat
 - Level 8.0 Spellcasting
 + Level 12.1 Summonings
 + Level 5.0 Translocations
 - Level 5.0 Air Magic
 + Level 11.3 Shapeshifting


You had 18 spell levels left.
You knew the following spells:

 Your Spells              Type           Power      Damage    Failure   Level
a - Summon Blazeheart Go  Fire/Summ      32%        N/A       7%          4
c - Call Canine Familiar  Summ           54%        N/A       1%          3
l - Summon Lightning Spi  Summ/Air       42%        N/A       2%          4
s - Summon Small Mammal   Summ           100%       N/A       1%          1

Your spell library contained the following spells:

 Spells                   Type           Power      Damage    Failure   Level
 Call Imp                 Summ           100%       N/A       1%          2
 Lesser Beckoning         Tloc           56%        N/A       1%          2
 Gell's Gravitas          Tloc           28%        N/A       3%          3
 Teleport Other           Tloc           28%        N/A       3%          3
 Mercury Vapours          Alch/Air       36%        N/A       4%          2
 Slow                     Hex            32%        N/A       9%          1
 Volatile Blastmotes      Fire/Tloc      36%        2d13      9%          3
 Vhi's Electric Charge    Tloc/Air       56%        N/A       11%         4
 Mephitic Cloud           Conj/Alch/Air  14%        N/A       13%         3
 Confusing Touch          Hex            8%         N/A       26%         3
 Inner Flame              Hex/Fire       8%         N/A       26%         3
 Sigil of Binding         Hex            8%         N/A       26%         3
 Vampiric Draining        Necr           8%         2d6       26%         3
 Iskenderun's Mystic Bla  Conj/Tloc      18%        2d6       30%         4
 Flame Wave               Conj/Fire      8%         2d5       63%         4
 Fulminant Prism          Conj/Alch      4%         3d5       63%         4
 Leda's Liquefaction      Alch/Erth      4%         N/A       63%         4
 Petrify                  Alch/Erth      8%         N/A       63%         4
 Sticky Flame             Fire/Alch      8%         2d4       63%         4
 Arcjolt                  Conj/Air       9%         1d19      63%         5
 Freezing Cloud           Conj/Ice/Air   7%         6-21      77%         5
 Dispersal                Tloc           14%        N/A       86%         6
 Lee's Rapid Deconstruct  Erth           4%         3d5*      93%         5
 Metabolic Englaciation   Hex/Ice        4%         N/A       93%         5
 Plasma Beam              Fire/Air       9%         2x1d19    99%         6
 Death Channel            Necr           4%         N/A       100%        6
 Permafrost Eruption      Ice/Erth       4%         2x4d3     100%        6
 Sculpt Simulacrum        Ice/Alch       4%         N/A       100%        6


Dungeon Overview and Level Annotations

Branches:
Dungeon (14/15)            Temple (1/1) D:4            Lair (5/5) D:11
  Swamp (0/4) Lair:3       Spider (0/4) Lair:2        Slime (0/5) Lair:4
    Orc (2/2) D:9             Elf (0/3) Orc:2        Vaults (0/5) D:13
 Bailey (visited)         Volcano (visited)         Gauntlet (visited)

Altars:
Ashenzari
Cheibriados
Dithmenos
Elyvilon
Fedhas
Gozag
Hepliaklqana
Kikubaaqudgha
Makhleb
Nemelex Xobeh
Okawaru
Qazlal
Ru
Sif Muna
Trog
Uskayaw
Vehumet
Wu Jian
Xom
Yredelemnul
Zin
The Shining One
Beogh
Jiyva

Shops:
D:5 ??=(   D:7 :   D:9 *=*:?*?   D:10 *   Orc:2 *:[(?

Annotations:
D:8 1 runed translucent door
D:11 2 transporters, heinrich's ghost, journeyman VSBr
D:13 2 transporters
Lair:1 1 runed translucent door, Subbak's ghost, journeyman CoAr
Lair:4 1 runed translucent door


Innate Abilities, Weirdness & Mutations

You are a creature with a mouth for a stomach.
Your midsection houses a second, enormous mouth.
You can breathe torrents of mud.
You are unimpeded by mud.
Your dull iron-grey scales are very hard. (AC +14)
You are amphibious.
You cannot fit into any form of body armour.
You are cold-blooded and may be slowed by cold attacks.


Message History

Something closely misses you.
You swap places.
Something barely misses you. Something bites you.
Something draws strength from your injuries!
There is a stone staircase leading up here.
Something hits you but does no damage. Something bites you.
Something draws strength from your injuries!
Something hits you!
* * * LOW HITPOINT WARNING * * *
Something bites you but does no damage.
You climb upwards.
Your summoned ally is left behind.
Level annotation: 2 transporters Reactivating autopickup.
There is a stone staircase leading down here.
Okay, then.
Read: 2 scrolls of butterflies
Press: ? - help, Q - select action, (/) - cycle Dir - look around, f - activate
As you read the scroll of butterflies, it crumbles to dust.
You hear the flapping of tiny wings.
Something barely misses your butterfly. Something misses your butterfly.
You swap places.
Something hits your butterfly!!
Your butterfly dies!
Your butterfly disappears in a burst of colours!
You swap places.
Something hits your butterfly!
Your butterfly dies!
Your butterfly disappears in a burst of colours!
Something completely misses your butterfly.
Something bites your butterfly!
Your butterfly dies!
Your butterfly disappears in a burst of colours!
You swap places.
Something hits your butterfly!
Your butterfly dies!
Your butterfly disappears in a burst of colours!
You swap places.
Something misses you. Something bites you but does no damage.
Deactivating autopickup; reactivate with Ctrl-A.
You swap places.
Something hits you!!
* * * LOW HITPOINT WARNING * * *
Something barely misses you. Something hits you!!!
You die...
Your body crumbles into a pile of gold.

##.....>..<......
####................
#.##.>...)..........
##.#.................
####....................
#.##..b.................
##b#.bbb.b...............
#..bbbb..b......<........
##.bbbbbbWb...............
#.b...bb..bb.....#........
#..bbbbbb.###....##.......
#.bbbb.b............#..<#.
####....bb..###....##.###....
#..#bb..bb.bb.#....##..#.....
##......bb.............##.#...
#....................#....#...
#...................##........


There were no monsters in sight!

Vanquished Creatures
  A tengu reaver (D:14)
  An iron dragon (D:13)
  A very ugly thing (D:14)
  Azrael (D:13)
  Josephine (D:12)
  An ettin (Orc:1)
  3 hydras
  3 centaur warriors
  A catoblepas (Lair:3)
  4 two-headed ogres
  A dancing weapon (Volcano)
  A boulder beetle (D:13)
  4 death yaks
  2 occultists (Volcano)
  2 skysharks (Lair:5)
  An arcanist (D:14)
  An obsidian bat (Orc:2)
  An orc knight (D:9)
  A lindwurm (Lair:5)
  2 manticores (D:14)
  2 orc sorcerers
  An ugly thing (D:12)
  2 cyclopes
  A black mamba (Lair:5)
  22 elephants
  5 toenail golems (Volcano)
  2 kobold blastminers
  A gargoyle (D:12)
  11 cane toads
  A torpor snail (Lair:3)
  3 komodo dragons
  A rime drake (Lair:1)
  Psyche (D:12)
  A freezing wraith (D:14)
  7 trolls
  6 blink frogs
  9 slime creatures
  A shadow (D:13)
  A vampire (D:12)
  5 wraiths
  2 fire bats (D:8)
  2 basilisks
  A wyvern (Lair:4)
  4 fire elementals
  8 wargs
  4 humans
  10 yaks
  8 vampire mosquitoes
  An acid dragon (D:12)
  2 swamp worms (Lair:3)
  2 hell hounds
  4 water moccasins
  Duvessa (D:6)
  22 orc warriors
  3 ogres (Orc:2)
  2 boggarts (D:14)
  8 wolves
  5 centaurs (D:13)
  13 bullfrogs
  A wight (D:10)
  5 killer bees
  4 electric eels
  A howler monkey (D:8)
  A hound (D:4)
  6 orc priests
  10 orc wizards
  A nameless horror (Lair:4)
  A gnoll (D:8)
  An adder (D:2)
  A shadow imp (D:7)
  An ufetubus (D:6)
  33 orcs
  20 bats
  2 endoplasms
  A hobgoblin (Bailey)
  3 jackals
  5 kobolds
  3 quokkas
  3 ball pythons (D:1)
  A frilled lizard (D:1)
  5 goblins
  5 rats
332 creatures vanquished.

Vanquished Creatures (collateral kills)
  Rupert (D:13)
  An orc warlord (Orc:2)
  Snorg (Lair:4)
  Fannar (Orc:1)
  Erolcha (D:11)
  A hydra (Lair:3)
  A catoblepas (Lair:3)
  2 boulder beetles
  4 death yaks (Lair:4)
  2 two-headed ogres
  Urug (D:11)
  2 orc high priests (Orc:2)
  Lodul (D:11)
  A skyshark (Lair:5)
  An obsidian bat (Orc:2)
  An orc knight (Bailey)
  2 wolf spiders (Lair:4)
  2 ugly things (D:12)
  7 elephants
  A meliai (Lair:2)
  A black mamba (Lair:5)
  3 kobold blastminers (Orc:2)
  A torpor snail (Lair:1)
  11 cane toads
  An unseen horror (D:11)
  3 rime drakes
  A komodo dragon (Lair:1)
  3 trolls
  3 tyrant leeches
  A hornet (D:9)
  11 blink frogs
  7 dream sheep (Lair:3)
  7 wraiths
  15 yaks
  2 shadows
  3 wyverns
  18 fire bats (D:8)
  3 humans
  4 basilisks
  A steam dragon (D:9)
  7 vampire mosquitoes
  An acid dragon (D:13)
  14 water moccasins
  A hell hound (D:13)
  15 orc warriors
  An ice beast (D:7)
  A black bear (D:5)
  2 boggarts (D:14)
  6 wolves
  9 ogres
  12 centaurs
  A phantom (D:5)
  4 kobold brigands
  6 bullfrogs
  2 gnoll sergeants
  A scorpion (D:6)
  3 wights (D:10)
  Dowan (D:6)
  12 killer bees
  A howler monkey (D:5)
  An electric eel (Orc:1)
  A bombardier beetle (D:5)
  2 hounds (D:7)
  A jelly (D:8)
  13 orc priests
  A sleepcap (D:6)
  2 iguanas (D:7)
  Ijyb (D:4)
  15 orc wizards
  3 adders
  10 gnolls
  2 shadow imps (D:7)
  A white imp (D:5)
  An ufetubus (D:6)
  3 dart slugs
  A ribbon worm (D:4)
  46 orcs
  4 ball pythons (D:1)
  5 endoplasms
  2 giant cockroaches
  12 goblins
  6 hobgoblins
  4 jackals
  5 quokkas
  66 bats
  A frilled lizard (D:2)
  29 kobolds
  2 rats
473 creatures vanquished.

Vanquished Creatures (others)
  An orc wizard (D:10)
  A kobold (D:6)
  57 blazeheart cores
59 creatures vanquished.

Grand Total: 864 creatures vanquished

Notes
Turn   | Place    | Note
-------+----------+-------------------------------------------
     0 | D:1      | CapturedSunlight the Draconian Summoner began the quest for
                  | the Orb.
     0 | D:1      | Reached XP level 1. HP: 14/14 MP: 3/3
   309 | D:1      | Reached XP level 2. HP: 8/20 MP: 1/5
  1078 | D:2      | Reached skill level 5 in Summonings
  1080 | D:2      | Reached XP level 3. HP: 26/26 MP: 3/6
  1769 | D:2      | Learned a level 3 spell: Call Canine Familiar
  2076 | D:3      | Found a shimmering altar of Xom.
  2087 | D:3      | Reached XP level 4. HP: 33/33 MP: 1/7
  2715 | D:4      | Reached XP level 5. HP: 12/38 MP: 2/8
  2884 | D:4      | Found a staircase to the Ecumenical Temple.
  2983 | Temple   | Entered the Ecumenical Temple
  3000 | Temple   | Became a worshipper of Gozag Ym Sagoz the Greedy
  3270 | D:4      | Identified the +1 ring mail of Pantheism {Harm Rampage MP-9
                  | Dex+8}
  3391 | D:4      | Noticed Ijyb
  3415 | D:4      | Killed Ijyb
  3666 | D:5      | Entered Level 5 of the Dungeon
  3744 | D:5      | Noticed a black bear
  3756 | D:5      | Killed a black bear
  3757 | D:5      | Reached XP level 6. HP: 32/45 MP: 3/9
  3842 | D:5      | Found Iwyonen's Magic Scroll Shoppe.
  3938 | D:5      | Bought a scroll of blinking for 105 gold pieces
  3938 | D:5      | Bought a scroll of teleportation for 42 gold pieces
  4022 | D:5      | Found Coatuir's Weapon Emporium.
  4089 | D:5      | Your scales start taking on a dull iron-grey colour.
  4089 | D:5      | Reached XP level 7. HP: 50/50 MP: 6/10
  4206 | D:5      | Found a snail-covered altar of Cheibriados.
  4357 | D:5      | Found Wiokhloi's Jewellery Emporium.
  4429 | D:5      | Found Noang's Magic Scroll Shoppe.
  5012 | D:6      | Noticed a troll
  5018 | D:6      | Killed a troll
  5132 | D:6      | Reached skill level 10 in Summonings
  5149 | D:6      | Reached XP level 8. HP: 44/57 MP: 9/11
  5220 | D:6      | Found a shadowy altar of Dithmenos.
  5310 | D:6      | Learned a level 4 spell: Summon Lightning Spire
  5442 | D:6      | Noticed Duvessa
  5443 | D:6      | Noticed Dowan
  5446 | D:6      | Killed Dowan
  5452 | D:6      | Killed Duvessa
  5453 | D:6      | Reached skill level 1 in Air Magic
  5597 | D:6      | Found a sparkling altar of Nemelex Xobeh.
  5608 | D:6      | You fall into a shaft and drop 3 floors!
  6003 | D:8      | Found a runed translucent door.
  6008 | D:8      | Found an opulent altar of Gozag.
  6025 | D:8      | Noticed a flayed ghost
  6072 | D:8      | Found a hazy altar of Hepliaklqana.
  6310 | D:8      | Reached XP level 9. HP: 18/62 MP: 2/14
  6554 | D:8      | Found a shimmering blue altar of Sif Muna.
  6570 | D:8      | Reached skill level 5 in Air Magic
  6620 | D:8      | Reached skill level 5 in Spellcasting
  6852 | D:8      | Found a sparkling altar of Nemelex Xobeh.
  6899 | D:8      | Found an opulent altar of Gozag.
  7141 | D:8      | Reached XP level 10. HP: 64/69 MP: 13/21
  7146 | D:8      | Reached skill level 1 in Fighting
  7397 | D:8      | Found a snail-covered altar of Cheibriados.
  7501 | D:8      | Reached skill level 5 in Fighting
  8491 | D:7      | Found a flagged portal.
  8506 | Bailey   | Entered a bailey
  8575 | Bailey   | Noticed an orc knight
  8591 | Bailey   | Killed an orc knight
  9230 | Bailey   | Identified the ring of Ilaxu {Fly Dex+2}
  9416 | Bailey   | Identified the +3 dagger of Impatience {protect, rC+ Dex+2}
 10169 | D:5      | Bought a scroll of amnesia for 48 gold pieces
 10169 | D:5      | Bought a scroll of fear for 48 gold pieces
 10401 | D:7      | Found a glowing golden altar of the Shining One.
 10729 | D:7      | Found Apyun's Vocational Training.
 11297 | D:9      | Reached XP level 11. HP: 67/99 MP: 14/23
 11445 | D:9      | Reached skill level 10 in Fighting
 11579 | D:9      | Found a bloodstained altar of Trog.
 11583 | D:9      | Found a glowing silver altar of Zin.
 11689 | D:9      | Found a staircase to the Orcish Mines.
 11886 | D:9      | Found Qog Ixet's Assorted Antiques.
 11896 | D:9      | Bought a scroll labelled DOLETO JEGAG for 22 gold pieces
 11896 | D:9      | Bought 2 scrolls labelled PURAHO PI IBB for 44 gold pieces
 12072 | D:10     | Entered Level 10 of the Dungeon
 12288 | D:10     | Noticed a two-headed ogre
 12300 | D:10     | Killed a two-headed ogre
 12422 | D:10     | Found an iron altar of Okawaru.
 12805 | D:10     | Reached skill level 5 in Dodging
 13011 | D:10     | Found an ornate altar of the Wu Jian Council.
 13466 | D:10     | Found Hausm's General Store.
 13496 | D:10     | Bought a potion of curing for 45 gold pieces
 13496 | D:10     | Bought a scroll of teleportation for 45 gold pieces
 13742 | D:11     | Noticed a skeletal warrior
 13742 | D:11     | Noticed a skeletal warrior
 13742 | D:11     | Noticed a skeletal warrior
 13742 | D:11     | Noticed a skeletal warrior
 13782 | D:11     | Noticed Erolcha
 13782 | D:11     | Found a transporter.
 13783 | D:11     | Noticed a two-headed ogre
 13813 | D:11     | Killed Erolcha
 13822 | D:11     | Found a gate leading to a gauntlet.
 13835 | Gauntlet | Entered a Gauntlet
 13835 | Gauntlet | Noticed an arcanist
 13835 | Gauntlet | Found a large runed translucent door.
 13835 | Gauntlet | Found a large runed translucent door.
 13835 | Gauntlet | Found a large runed translucent door.
 13835 | Gauntlet | Found a large runed translucent door.
 13835 | Gauntlet | Found a transporter.
 13835 | Gauntlet | Found a runed translucent door.
 13835 | Gauntlet | Found a large runed translucent door.
 13835 | Gauntlet | Found a large runed translucent door.
 13835 | Gauntlet | Found a large runed translucent door.
 13835 | Gauntlet | Found a large runed translucent door.
 13835 | Gauntlet | Found a runed translucent gate.
 13835 | Gauntlet | Found a runed translucent gate.
 13835 | Gauntlet | Found a transporter.
 13835 | Gauntlet | Found a transporter.
 13845 | Gauntlet | Found a transporter.
 13849 | Gauntlet | Found a transporter.
 13851 | Gauntlet | Found a transporter.
 13855 | Gauntlet | Found a transporter.
 13857 | Gauntlet | Found a transporter.
 13858 | Gauntlet | Found a transporter.
 13860 | Gauntlet | Found a transporter.
 13865 | Gauntlet | Noticed an arcanist
 13868 | Gauntlet | Found a transporter.
 13868 | Gauntlet | Noticed an arcanist
 13872 | Gauntlet | Found a transporter.
 13910 | Gauntlet | Found a runed translucent gate.
 13911 | Gauntlet | Found a large runed translucent door.
 13911 | Gauntlet | Found a large runed translucent door.
 13912 | Gauntlet | Found a large runed translucent door.
 13913 | Gauntlet | Found a large runed translucent door.
 13914 | Gauntlet | Found a large runed translucent door.
 13914 | Gauntlet | Found a large runed translucent door.
 13914 | Gauntlet | Found a runed translucent door.
 13915 | Gauntlet | Found a large runed translucent door.
 13916 | Gauntlet | Found a large runed translucent door.
 14074 | D:11     | Noticed Urug
 14090 | D:11     | Killed Urug
 14265 | D:11     | Identified the +6 great mace of Mulerph {vamp, rF+ rN+
                  | Will++}
 14265 | D:11     | Noticed a two-headed ogre
 14265 | D:11     | Noticed heinrich's ghost (journeyman VSBr)
 14266 | D:11     | Found a transporter.
 14266 | D:11     | Noticed a two-headed ogre
 14266 | D:11     | Noticed a two-headed ogre
 14267 | D:11     | Noticed a two-headed ogre
 14393 | D:11     | Found a staircase to the Lair.
 14634 | D:11     | Noticed a skeletal warrior
 14649 | D:11     | HP: 4/99 [skeletal warrior/+0 dire flail (16)]
 15096 | D:11     | Noticed a two-headed ogre
 15120 | D:11     | Killed a two-headed ogre
 15453 | D:11     | Noticed Lodul
 15468 | D:11     | Killed Lodul
 15829 | Lair:1   | Entered Level 1 of the Lair of Beasts
 15841 | Lair:1   | Reached XP level 12. HP: 82/106 MP: 16/24
 16169 | Lair:1   | Found a runed translucent door.
 16169 | Lair:1   | Noticed Subbak's ghost (journeyman CoAr)
 16364 | Lair:1   | Reached skill level 10 in Dodging
 16422 | Lair:1   | Reached skill level 1 in Unarmed Combat
 16443 | Lair:1   | Reached skill level 2 in Unarmed Combat
 16569 | Lair:1   | Reached skill level 3 in Unarmed Combat
 16746 | Lair:1   | Reached skill level 4 in Unarmed Combat
 16920 | Lair:1   | Reached skill level 5 in Unarmed Combat
 16975 | Lair:1   | Noticed a boulder beetle
 17494 | Lair:1   | Killed a boulder beetle
 17495 | Lair:1   | Reached skill level 6 in Unarmed Combat
 18149 | Lair:2   | Learned a level 4 spell: Summon Blazeheart Golem
 18153 | Lair:2   | Noticed a boulder beetle
 18192 | Lair:2   | Killed a boulder beetle
 18193 | Lair:2   | Reached skill level 7 in Unarmed Combat
 18412 | Lair:2   | Reached skill level 8 in Unarmed Combat
 18545 | Lair:2   | Found a hole to the Spider Nest.
 19227 | Lair:2   | Reached skill level 9 in Unarmed Combat
 19343 | Lair:3   | Noticed a catoblepas
 19349 | Lair:3   | Killed a catoblepas
 19650 | Lair:3   | Reached XP level 13. HP: 113/113 MP: 11/25
 19654 | Lair:3   | Reached skill level 10 in Unarmed Combat
 19998 | Lair:3   | Reached skill level 11 in Unarmed Combat
 20178 | Lair:3   | Reached skill level 1 in Shapeshifting
 20354 | Lair:3   | Found a staircase to the Swamp.
 21158 | Lair:4   | Noticed Snorg
 21166 | Lair:4   | Killed Snorg
 21276 | Lair:4   | Found a dark tunnel.
 21280 | Volcano  | Entered a volcano
 21291 | Volcano  | Reached skill level 12 in Unarmed Combat
 21760 | Volcano  | Reached skill level 5 in Shapeshifting
 22049 | Lair:4   | Reached skill level 13 in Unarmed Combat
 22104 | Lair:4   | Reached XP level 14. HP: 113/121 MP: 22/26
 22312 | Lair:4   | Found a runed translucent door.
 22312 | Lair:4   | Found a viscous altar of Jiyva.
 22312 | Lair:4   | Found a staircase to the Slime Pits.
 22312 | Lair:4   | Noticed an azure jelly
 22925 | Lair:5   | Entered Level 5 of the Lair of Beasts
 23977 | Lair:5   | Reached skill level 14 in Unarmed Combat
 25873 | Orc:1    | Entered Level 1 of the Orcish Mines
 26792 | Orc:2    | Entered Level 2 of the Orcish Mines
 26799 | Orc:2    | Reached skill level 15 in Unarmed Combat
 27059 | Orc:1    | Noticed Fannar
 27073 | Orc:1    | Killed Fannar
 27624 | Orc:2    | Found a roughly hewn altar of Beogh.
 27625 | Orc:2    | Found Gior's Magic Scroll Boutique.
 27794 | Orc:2    | Reached XP level 15. HP: 124/126 MP: 23/27
 27849 | Orc:2    | Bought a scroll of blinking for 97 gold pieces
 27849 | Orc:2    | Bought a scroll of butterflies for 52 gold pieces
 27893 | Orc:2    | Found a roughly hewn altar of Beogh.
 28042 | Orc:2    | Found Jidu's Book Shoppe.
 28050 | Orc:2    | Found a staircase to the Elven Halls.
 28112 | Orc:2    | Found a roughly hewn altar of Beogh.
 28131 | Orc:2    | Reached skill level 10 in Shapeshifting
 28542 | Orc:2    | Found Anuh's Antique Armour Shoppe.
 28544 | Orc:2    | Found a roughly hewn altar of Beogh.
 28577 | Orc:2    | Found a roughly hewn altar of Beogh.
 28667 | Orc:2    | Found a roughly hewn altar of Beogh.
 28682 | Orc:2    | Found Teanidy's Assorted Antiques.
 29080 | Orc:2    | Bought a green potion for 19 gold pieces
 29148 | Orc:2    | Found Lotouh's Antique Weapon Emporium.
 29157 | Orc:2    | Bought an embroidered scarf for 272 gold pieces
 29157 | Orc:2    | Bought a pair of embroidered boots for 255 gold pieces
 29242 | D:9      | Bought a scroll of teleportation for 45 gold pieces
 29242 | D:9      | Bought a scroll of teleportation for 45 gold pieces
 29401 | D:12     | Noticed Josephine
 29419 | D:12     | Killed Josephine
 29420 | D:12     | Reached skill level 1 in Translocations
 29650 | D:12     | Noticed Psyche
 29665 | D:12     | Killed Psyche
 30794 | D:13     | Noticed Azrael
 30812 | D:13     | Killed Azrael
 31013 | D:13     | Noticed Rupert
 31015 | D:13     | Paralysed by Rupert for 4 turns
 31259 | D:13     | Found a transporter.
 31259 | D:13     | Found a transporter.
 31295 | D:13     | Found a gate to the Vaults.
 31295 | D:13     | Noticed an iron dragon
 31311 | D:13     | Killed an iron dragon
 31559 | D:13     | Killed Rupert
 31790 | D:14     | Noticed a tengu reaver
 31809 | D:14     | Killed a tengu reaver
 31810 | D:14     | Reached skill level 5 in Translocations
 31881 | D:13     | Demolished by a vampire knight

Illustrated notes

Levels and vault maps discovered:
D:1:      onia_arrival_mini_spirals, layout_basic,
          chequers_serial_rivers_small_b, minmay_tetromino_o2
D:2:      layout_basic
D:3:      layout_rooms, xom_confusion_cloud
D:4:      kennysheep_goblin_castle, layout_cave_pools,
          minmay_temple_entry_water_ring
D:5:      layout_gridville, mainiacjoe_overflow_cross_hatched, serial_shops,
          nicolae_take_the_stairs, shop, shop_statue, shop
D:6:      layout_basic, kennysheep_little_box, lemuel_round_altar, uniq_duvessa
D:7:      layout_cave_pods, pf_just_have_faith, enter_bailey_3,
          hangedman_abyss_or_decor_passed, minmay_misc_feat_five,
          hangedman_decor_slide_cut, hangedman_decor_growths,
          nicolae_shop_vocational
D:8:      due_megacathedral, layout_basic
D:9:      layout_rooms, grunt_temple_overflow_open, orc_0_dummy, serial_shops,
          nicolae_shop_overgrown_old_shop
D:10:     layout_basic, pdpol_wu_jian_five_deadly_venoms, okawaru_humans,
          serial_shops, nicolae_shop_window_shopping
D:11:     layout_roguey, lair_entry_dummy, gauntlet_entry_generic,
          gammafunk_ghost_smash, uniq_erolcha, uniq_lodul, uniq_urug
D:12:     layout_gridville, chequers_serial_rivers_room_b, uniq_josephine,
          uniq_psyche
D:13:     gammafunk_wand_slinger, layout_cave_pools,
          hellmonk_vaults_attempted_burglary, uniq_rupert, uniq_azrael
D:14:     minmay_strange_plus, layout_rooms, ebering_ghost_xom, enter_trove_3
Temple:   compressed_dpeg_triangle_lava_temple
Lair:1:   layout_regular_city, gammafunk_ghost_grave, pdpol_lair_cavern_descent,
          serial_bayou_shore_b, grunt_megastairs_5
Lair:2:   layout_long_grid, hellmonk_spider_entry_not_the_bees,
          infiniplex_staircase_pool_2
Lair:3:   layout_regular_city, palyth_hydra_swamp_entry
Lair:4:   layout_loops_ring, slime_entry_2, nicolae_volcano_entry_s_turn,
          nicolae_lair_run_with_the_wolves, lemuel_fruit_fields, uniq_snorg
Lair:5:   minmay_lair_end_frog_pond, layout_misc_corridors,
          grunt_forest_small_clearings, lemuel_fruit_tree
Orc:1:    layout_caves, regret_index_minedec_devilstone, nooodl_orcs_dogs,
          uniq_fannar
Orc:2:    grunt_orc_community_town_hall, layout_caves,
          grunt_orc_community_big_house_1, grunt_orc_community_big_house_2,
          grunt_orc_community_house_2, grunt_orc_community_house_3,
          grunt_orc_community_house_3, grunt_orc_community_house_1,
          serial_shops, shop, nicolae_orc_minecarts

Skill      XL: |  1  2  3  4  5  6  7  8  9 10 11 12 13 14 15 |
---------------+----------------------------------------------+-----
Summonings     | 5 6 7 8 10 11 12 | 12.1
Air Magic      | 4 5 |  5.0
Spellcasting   | 3 7 8 |  8.0
Fighting       | 9 10 | 10.0
Dodging        | 9 10 | 10.0
Unarmed Combat | 9 13 15 | 15.5
Shapeshifting  | 6 9 11 | 11.3
Translocations | 5 |  5.0
Stealth        | |  1.7

Action                     |  1- 3 |  4- 6 |  7- 9 | 10-12 | 13-15 || total
---------------------------+-------+-------+-------+-------+-------++-------
  Melee: Unarmed           |   133 |   127 |   389 |   526 |   756 ||  1931
         Tailslap          |    15 |    15 |    59 |    87 |   130 ||   306
         Punch             |     1 |     1 |     4 |    16 |    76 ||    98
         Maw               |       |       |       |       |   129 ||   129
   Cast: Summon Small Mamm |    49 |    43 |    71 |    56 |     1 ||   220
         Call Canine Famil |     2 |    10 |    27 |    60 |    33 ||   132
         Summon Lightning  |       |       |     8 |   122 |   137 ||   267
         Summon Blazeheart |       |       |       |    11 |    76 ||    87
 Invoke: Call Merchant     |       |       |       |       |     6 ||     6
Ability: Mud Breath        |       |       |     1 |     4 |     2 ||     7
  Evoke: Wand              |       |       |     9 |     9 |     1 ||    19
    Use: Scroll            |       |       |       |    15 |     6 ||    21
         Potion            |       |       |       |       |     1 ||     1
   Stab: Distracted        |     1 |     2 |     1 |     8 |    19 ||    31
         Sleeping          |       |       |       |     1 |     1 ||     2
 Armour: Skin              |   110 |    65 |   325 |   347 |   475 ||  1322
  Dodge: Dodged            |   111 |    79 |   549 |   573 |   760 ||  2072
  Block: Other             |    24 |    31 |   155 |   144 |   143 ||   497
         Reflection        |       |     1 |     1 |     6 |     6 ||    14
   Form: Maw               |       |       |       |       |     1 ||     1

Table legend: (Time is in decaauts)
 A = Elapsed time spent in this place.
 B = Non-inter-level travel time spent in this place.
 C = Inter-level travel time spent in this place.
 D = Time resting spent in this place.
 E = Time spent auto-exploring this place.
 F = Levels seen in this place.
 G = Mean time per level.
                   A        B        C        D        E       F      G
               +--------+--------+--------+--------+--------+-----+--------+
         Total |  31732 |  30067 |   1665 |   5285 |  18699 |  25 | 1269.3 |
       Dungeon |  17752 |  16480 |   1272 |   2181 |  11144 |  14 | 1268.0 |
        Temple |     33 |      1 |     32 |      0 |      0 |   1 |   33.0 |
          Lair |   9225 |   8955 |    270 |   2260 |   5080 |   5 | 1845.0 |
  Orcish Mines |   2893 |   2802 |     91 |    558 |   1609 |   2 | 1446.5 |
        Bailey |    959 |    959 |      0 |    177 |    396 |   1 |  959.0 |
       Volcano |    633 |    633 |      0 |    109 |    338 |   1 |  633.0 |
      Gauntlet |    233 |    233 |      0 |      0 |    132 |   1 |  233.0 |
               +--------+--------+--------+--------+--------+-----+--------+

Top non-repeatable levels by time:
     D:8: 2828 daAuts
  Lair:5: 2328 daAuts
  Lair:1: 2324 daAuts
    D:10: 2073 daAuts
   Orc:2: 1916 daAuts
  Lair:3: 1849 daAuts
    D:11: 1625 daAuts
  Lair:4: 1508 daAuts
    D:12: 1496 daAuts
     D:5: 1345 daAuts
     D:9: 1323 daAuts
     D:7: 1296 daAuts
     D:4: 1261 daAuts
  Lair:2: 1213 daAuts
     D:6: 1150 daAuts
